Map: Winter Madness LE

Players

ShoWTimE - Winner!

  • Race: Protoss Protoss
  • League: Master
  • Spawn Location: 11:00

LetaleX

  • Race: Protoss Protoss
  • League: Grandmaster
  • Spawn Location: 5:00

VOD

Have the link to the VOD?

Description

Time

  • Played on: Jan. 31, 2026, 11:24 a.m.
  • Length: 8:51
Show
View Real Time Build Order
Export as new Build Order

ShoWTimE Protoss - Winner!

Build Orders: Phoenix Opening, Blink Stalkers, Zealot Archon 

Get SALT Encoding   

  12  0:00  Probe  
  13  0:12  Probe  
  14  0:18  Pylon  
  14  0:24  Probe  
  15  0:32  Probe  
  15  0:36  Gateway  
  15  0:40  Probe  
  16  0:45  Assimilator  
  17  0:50  Probe  
  17  0:54  Assimilator  
  18  0:59  Probe  
  19  1:07  Probe  
  19  1:08  Gateway  
  19  1:17  Probe  
  20  1:23  Cybernetics Core  
  21  1:29  Probe  
  22  1:37  Pylon  
  22  1:41  Probe  
  23  1:59  Warp Gate  
  25  2:03  Probe  
  25  2:04  Sentry  
  28  2:14  Pylon  
  28  2:24  Probe  
  28  2:28  Nexus, Sentry  
  29  2:32  Probe  
  29  2:33  Sentry  
  32  2:41  Probe  
  32  2:46  Twilight Council  
  33  2:53  Probe, Stalker  
  36  3:03  Pylon  
  36  3:04  Blink  
  36  3:05  Probe  
  37  3:15  Probe  
  38  3:23  Probe  
  38  3:31  Probe  
  39  3:36  Probe  
  41  3:43  Probe  
  41  3:44  Probe  
  41  3:48  Stalker x2  
  47  3:54  Probe  
  47  3:55  Probe  
  47  3:59  Phoenix  
  49  4:04  Pylon  
  49  4:06  Probe  
  49  4:08  Probe  
  51  4:13  Nexus  
  51  4:18  Probe  
  51  4:20  Probe  
  51  4:23  Adept x2  
  57  4:30  Assimilator, Probe  
  58  4:32  Probe  
  58  4:35  Robotics Facility  
  59  4:43  Probe  
  59  4:44  Probe  
  61  4:46  Stalker x2  
  61  4:51  Pylon  
  65  4:53  Forge  
  65  4:55  Probe  
  65  4:56  Probe  
  67  5:04  Charge  
  67  5:07  Probe  
  67  5:08  Probe  
  69  5:15  Protoss Ground Weapons Level 1  
  69  5:20  Probe x2  
  71  5:22  Stalker x2  
  71  5:25  Observer  
  71  5:27  Probe  
  76  5:28  Gateway  
  76  5:29  Gateway  
  76  5:32  Probe, Phoenix  
  76  5:34  Probe  
  76  5:35  Probe  
  77  5:42  Immortal  
  76  5:43  Pylon  
  76  5:44  Probe  
  76  5:46  Shield Battery, Probe  
  79  5:54  Gateway  
  79  5:56  Probe x2  
  84  6:00  Gateway  
  84  6:02  Gateway  
  84  6:08  Gateway  
  84  6:10  Phoenix  
  84  6:13  Templar Archives  
  84  6:16  Immortal  
  84  6:21  Gateway  
  84  6:22  Gateway  
  88  6:31  Zealot x4  
  96  6:33  Pylon  
  96  6:40  Pylon  
  96  6:47  Zealot  
  98  6:54  Zealot x5, Pylon  
  98  6:55  Warp Prism  
  98  7:00  Zealot  
  110  7:05  Shield Battery  
  109  7:14  High Templar x2, Zealot  
  109  7:15  Zealot x4  
  123  7:18  Archon  
  123  7:20  Zealot  
  125  7:24  Pylon  
  125  7:28  Pylon  
  125  7:30  Pylon  
  125  7:35  Pylon  
  125  7:43  High Templar x2, Zealot x2  
  133  7:47  Zealot x4, Archon  
  133  7:48  Zealot x2  
  145  7:55  Pylon  
  145  8:13  Zealot x8  
  145  8:18  Zealot x2  
  147  8:31  Nexus  
  133  8:34  Zealot x2  
  133  8:35  Zealot x3  
  133  8:39  High Templar x2  
  133  8:40  Zealot  
  143  8:44  Archon  
Show
View Real Time Build Order
Export as new Build Order

LetaleX Protoss 

Build Orders: Phoenix Opening, Blink Stalkers, Zealot Archon 

Get SALT Encoding   

  12  0:00  Probe  
  13  0:12  Probe  
  14  0:16  Pylon  
  14  0:23  Probe  
  15  0:32  Probe  
  15  0:36  Gateway  
  15  0:40  Probe  
  16  0:46  Assimilator  
  17  0:50  Probe  
  17  0:54  Assimilator  
  18  0:59  Probe  
  19  1:07  Gateway, Probe  
  19  1:17  Probe  
  20  1:23  Cybernetics Core  
  21  1:30  Probe  
  22  1:34  Pylon  
  22  1:42  Probe  
  23  1:54  Probe  
  23  1:59  Sentry, Warp Gate  
  26  2:07  Phoenix  
  28  2:17  Pylon  
  26  2:23  Nexus  
  26  2:24  Sentry  
  26  2:26  Stalker  
  30  2:38  Shield Battery  
  30  2:41  Probe  
  31  2:47  Sentry  
  33  2:53  Probe  
  33  2:57  Gateway  
  34  3:02  Twilight Council  
  34  3:05  Probe  
  35  3:16  Probe  
  35  3:17  Phoenix  
  35  3:18  Blink  
  36  3:24  Probe  
  36  3:31  Probe  
  36  3:32  Probe  
  37  3:39  Probe  
  39  3:43  Probe  
  41  3:49  Stalker x2, Probe  
  46  3:55  Probe  
  46  4:01  Probe  
  48  4:06  Nexus  
  48  4:08  Probe  
  49  4:13  Pylon  
  49  4:14  Probe  
  50  4:20  Probe  
  51  4:25  Stalker  
  51  4:26  Probe  
  54  4:31  Forge  
  54  4:33  Stalker  
  54  4:34  Probe  
  54  4:37  Pylon  
  57  4:40  Probe  
  57  4:42  Assimilator  
  58  4:48  Shield Battery  
  58  4:53  Probe  
  58  4:55  Protoss Ground Weapons Level 1  
  58  4:56  Stalker  
  58  4:57  Stalker  
  58  4:59  Probe  
  64  5:05  Probe  
  65  5:10  Robotics Facility  
  65  5:12  Probe  
  66  5:15  Pylon  
  66  5:20  Stalker  
  66  5:26  Probe  
  66  5:27  Phoenix, Probe  
  67  5:28  Probe  
  67  5:31  Stalker  
  68  5:35  Probe  
  68  5:38  Probe  
  68  5:39  Probe  
  70  5:44  Charge  
  70  5:45  Probe  
  72  5:50  Probe  
  72  5:51  Probe  
  72  5:55  Adept x2  
  79  5:57  Probe  
  79  5:59  Observer  
  79  6:00  Probe  
  79  6:02  Probe  
  79  6:03  Gateway  
  82  6:04  Gateway  
  82  6:08  Probe  
  82  6:09  Probe  
  82  6:10  Phoenix  
  83  6:13  Gateway  
  83  6:14  Gateway  
  83  6:15  Probe  
  85  6:20  Gateway  
  85  6:21  Gateway  
  85  6:28  Zealot x2  
  89  6:33  Probe  
  90  6:40  Pylon  
  90  6:41  Probe  
  90  6:43  Probe  
  90  6:46  Templar Archives  
  92  6:47  Nexus  
  92  6:49  Pylon  
  92  6:54  Pylon  
  92  6:56  Pylon  
  92  7:03  Gateway  
  92  7:05  Zealot x4  
  92  7:06  Gateway  
  100  7:15  Zealot x3  
  102  7:23  Zealot  
  102  7:25  Probe  
  104  7:30  High Templar  
  104  7:31  High Templar  
  104  7:32  Zealot x2  
  104  7:35  Archon  
  104  7:36  Shield Battery  
  112  7:39  Shield Battery  
  112  7:41  Zealot x3  
  118  7:45  Shield Battery  
  118  7:48  Archon x2  
  118  7:49  Shield Battery  
  118  7:52  Zealot x2  
  118  7:53  Zealot  
  124  7:59  Probe  
  124  8:01  Probe  
  124  8:04  Zealot x7  
  137  8:17  Zealot  
  137  8:18  Zealot  
  135  8:20  Probe  
  135  8:24  Zealot x7  
  120  8:30  Zealot  
  93  8:38  Zealot x2  
Tags
 
Add a new tag
Caveats
  • Supply blocks, unpowered buildings, or Contaminate may cause inaccurate times.
  • Supply counts are checked every 10 seconds.